 Dungeon Crawl Stone Soup version 0.29-a0-340-g6efceafd81 (webtiles) character file.

Game seed: 11716882150017723136

186 spiderkeys the Skirmisher (level 5, -7/46 HPs)
             Began as a Ghoul Abyssal Knight on Apr 20, 2022.
             Was a Priest of Lugonu.
             Mangled by an ogre
             ... wielding a +0 giant spiked club
              (32 damage)
             ... on level 3 of the Dungeon.
             The game lasted 00:03:28 (2377 turns).

spiderkeys the Skirmisher (Ghoul Abyssal Knight)    Turns: 2377, Time: 00:03:29

Health: -7/46      AC:  5    Str: 19    XL:     5   Next: 65%
Magic:  2/2        EV: 10    Int:  8    God:    Lugonu [***...]
Gold:   151        SH:  0    Dex:  9    Spells: 4/4 levels left

rFire   + . .      SeeInvis .   c - +7 hand axe of Eternal Harmony {antimagic, Int+3}
rCold   + . .      Faith    .   (no shield)
rNeg    + + +      Spirit   .   g - +0 ring mail
rPois   ∞          Reflect  .   (no helmet)
rElec   .          Harm     .   (no cloak)
rCorr   .          Rampage  .   (no gloves)
Will    .....                   (no boots)
Stlth   ..........              (no amulet)
HPRegen 0.00/turn               F - ring of protection from fire
MPRegen 0.08/turn               (no ring)

@: inhibited regen
A: claws 1, cold resistance 1, negative energy resistance 3, inhibited
regeneration, torment resistance 2, devour on kill
a: Renounce Religion, Depart the Abyss, Bend Space, Banish


You were on level 3 of the Dungeon.
You worshipped Lugonu.
Lugonu was most pleased with you.
You visited 1 branch of the dungeon, and saw 3 of its levels.
You visited the Abyss 1 time.

You collected 177 gold pieces.
You spent 26 gold pieces at shops.


Innate Abilities, Weirdness & Mutations

You are immune to poison.
You have sharp fingernails.
Your flesh is cold resistant. (rC+)
You are immune to negative energy. (rN+++)
You do not regenerate when monsters are visible.
You are immune to unholy pain and torment.
You thrive by killing the living.


   Skills:
 + Level 4.2 Fighting
 + Level 2.8 Axes
 + Level 2.8 Armour
 - Level 1.0 Dodging
 + Level 2.9 Invocations
 + Level 1.8 Evocations


You had 4 spell levels left.
You didn't know any spells.
Your spell library contained the following spells:

 Spells                   Type           Power      Damage    Failure   Level
 Sting                    Tmut/Pois      0%         1d3       58%         1
 Poisonous Vapours        Pois/Air       0%         N/A       73%         2
 Olgreb's Toxic Radiance  Pois           0%         N/A       100%        4

Inventory:

Hand Weapons
 a - a +1 hand axe
 c - the +7 hand axe of Eternal Harmony (weapon) {antimagic, Int+3}
   (You found it on level 1 of the Abyss)

   It reduces the magical energy of the wielder, and disrupts the spells and
   magical abilities of those it strikes.
   Natural abilities and divine invocations are not affected.
   Int:       It affects your intelligence (+3).
Missiles
 b - 47 stones
 r - 4 poisoned darts
Armour
 g - a +0 ring mail (worn)
   (You found it on level 1 of the Dungeon)
 h - a +0 robe
   (You found it on level 1 of the Dungeon)
 k - a +0 leather armour
   (You took it off a kobold on level 2 of the Dungeon)
 l - a +0 leather armour
   (You found it on level 2 of the Dungeon)
Jewellery
 F - a ring of protection from fire (left claw)
   (You found it on level 3 of the Dungeon)
Scrolls
 e - 2 scrolls of teleportation {unknown}
 i - 2 scrolls of fear
 j - a scroll of vulnerability {!r!r}
 m - a scroll of silence {unknown}
 o - a scroll of blinking {unknown}
 q - a scroll of identify {@r1}
Potions
 f - 2 potions of heal wounds {unknown}
 n - a potion of brilliance {unknown}
 p - a potion of ambrosia {unknown}
 s - a potion of lignification {unknown}
Miscellaneous
 d - a condenser vane
   (You found it on level 1 of the Abyss)

Dungeon Overview and Level Annotations

Branches:
Dungeon (3/15)

Altars:
Dithmenos

Shops:
D:2

? #########
#....(O.#
###.#####@#
..........#
###.####..#
#.####..# #.......#
######.#########
#.........#######
########...........#
#........###.......#


You could see an ogre.


Message History

You now have 117 gold pieces (gained 14).
Key pressed, stopping explore.
There is a stone staircase leading down here.
Key pressed, stopping explore.
Found a stone staircase leading up.
No target in view!
s - a sedimented orange potion Key pressed, stopping explore.
An ice beast comes into view.
Throw: 5 darts (poison)
Press: ? - help, Shift-Dir - straight line, f - ice beast
Aim: an ice beast (56% to hit)
You throw a poisoned dart.
The poisoned dart completely misses the ice beast.
You hit the ice beast. The ice beast hits you. The ice beast freezes you.
You resist. 😕 HP[-4]
You take 4 damage, and now have 36/40 hp.
You hit the ice beast. The ice beast hits you. The ice beast freezes you.
You resist. 😮 HP[-7]
You take 7 damage, and now have 29/40 hp.
You hit the ice beast. The ice beast misses you.
You barely miss the ice beast.
The ice beast hits you but does no damage.
The ice beast hits you. The ice beast freezes you. You resist. 😮 HP[-5]
You take 5 damage, and now have 24/40 hp.
You barely miss the ice beast. The ice beast hits you.
The ice beast freezes you. You resist. 😮 HP[-3]
You take 3 damage, and now have 21/40 hp.
You hit the ice beast.
The ice beast hits you but does no damage.
You slash the ice beast!
You kill the ice beast!
Lugonu accepts your kill.
You have reached level 5!
You feel stronger. 😮 HP[+4] MP[+1]
You now have 46 max hp (+6).
You regained 4 hp, and now have 25/46 hp.
Your mp is fully restored (2).
Key pressed, stopping explore.
Key pressed, stopping explore.
r - 5 poisoned darts (gained 1) Key pressed, stopping explore.
There is a stone staircase leading up here.
A rat comes into view. 😎 HP[+21]
Your hp is fully restored (46).
A rat is nearby!
You barely miss the rat. The rat bites you. 😕 HP[-2]
You take 2 damage, and now have 44/46 hp.
You slash the rat!
You kill the rat!
Lugonu accepts your kill.
No target in view!
No target in view!
Key pressed, stopping explore.
b - 47 stones (gained 8) Key pressed, stopping explore.
You now have 133 gold pieces (gained 16).
F - a ring of protection from fire 😎 HP[+2]
Your hp is fully restored (46).
A quokka comes into view.
F - a ring of protection from fire (left claw)
The quokka closely misses you.
You see here 11 gold pieces.
You slash the quokka!
You kill the quokka!
Lugonu accepts your kill.
No target in view!
No target in view!
You now have 144 gold pieces (gained 11).
You now have 151 gold pieces (gained 7).
Key pressed, stopping explore.
An ogre comes into view. It is wielding a +0 giant spiked club.
The ogre shouts!
An ogre is nearby!
An ogre is nearby!
Throw: 5 darts (poison)
Press: ? - help, Shift-Dir - straight line, f - ogre
Aim: an ogre, wielding a +0 giant spiked club (72% to hit)
You throw a poisoned dart. The poisoned dart hits the ogre.
You slash the ogre! The ogre barely misses you.
You hit the ogre. The ogre barely misses you.
You hit the ogre.
The ogre hits you with a +0 giant spiked club!! 😮 HP[-21]
You take 21 damage, and now have 25/46 hp.
MASSIVE DAMAGE!! (PAUSE)
You barely miss the ogre. You hit the ogre. The ogre closely misses you.
You barely miss the ogre.
The ogre hits you with a +0 giant spiked club!!
Ouch! That really hurt!
You die...

Skill      XL: |  1  2  3  4 |
---------------+-------------+-----
Dodging        | 1 |  1.0
Axes           | 2 |  2.8
Armour         | 2 |  2.8
Evocations     | 1 |  1.8
Fighting       | 4 |  4.2
Invocations    | |  2.9

Action                   |  1- 3 |  4- 6 || total
-------------------------+-------+-------++-------
Melee: Hand axe          |    72 |    41 ||   113
Throw: Dart              |       |     2 ||     2
Invok: Depart the Abyss  |     1 |       ||     1
  Use: Scroll            |     2 |       ||     2
Armor: Leather armour    |     3 |       ||     3
       Ring mail         |    27 |    11 ||    38
Dodge: Dodged            |    37 |    14 ||    51

Levels and vault maps discovered:
D:1:      ebering_trefoil_twist, layout_loops_corners
D:2:      layout_loops_ring, basic_altar, dreamdust_ecumenical_altar_statues,
          serial_shops, nicolae_shop_behind_doors
D:3:      layout_loops_cross

Notes
Turn   | Place    | Note
-------+----------+-------------------------------------------
     0 | Abyss:1  | spiderkeys the Ghoul Abyssal Knight began the quest for the
                  | Orb.
     0 | Abyss:1  | Reached XP level 1. HP: 19/19 MP: 1/1
     0 | Abyss:1  | Noticed a chaos spawn
     0 | Abyss:1  | Noticed a chaos spawn
     0 | Abyss:1  | Noticed a chaos spawn
     0 | Abyss:1  | magus.rc [v1.11.3]
     0 | Abyss:1  | Identified the +7 hand axe of Eternal Harmony {antimagic,
                  | Int+3}
     0 | Abyss:1  | Noticed a chaos spawn
     0 | Abyss:1  | Noticed a small abomination
     0 | Abyss:1  | Noticed a chaos spawn
     1 | Abyss:1  | Noticed a small abomination
     1 | Abyss:1  | Noticed a chaos spawn
     4 | D:1      | You pass through the gate.
     4 | D:1      | Escaped the Abyss
    43 | D:1      | Reached ** piety under Lugonu
    44 | D:1      | Reached skill level 1 in Dodging
   186 | D:1      | Reached XP level 2. HP: 26/26 MP: 0/2
   259 | D:1      | Reached skill level 2 in Axes
   363 | D:1      | Reached skill level 2 in Armour
   560 | D:1      | You add the spells Sting, Poisonous Vapours and Olgreb's
                  | Toxic Radiance to your library.
   890 | D:2      | Reached XP level 3. HP: 30/31 MP: 1/3
   898 | D:2      | Found a faded altar of an unknown god.
   997 | D:2      | Reached skill level 1 in Evocations
  1329 | D:2      | Found Fulunil's Magic Scroll Boutique.
  1361 | D:2      | Bought a scroll of identify for 26 gold pieces
  1391 | D:2      | Found a shadowy altar of Dithmenos.
  1547 | D:2      | Reached XP level 4. HP: 40/40 MP: 1/4
  1822 | D:3      | Reached *** piety under Lugonu
  1849 | D:3      | Reached skill level 4 in Fighting
  2038 | D:3      | Noticed an ice beast
  2047 | D:3      | Killed an ice beast
  2048 | D:3      | Reached XP level 5. HP: 25/46 MP: 2/6
  2370 | D:3      | Noticed an ogre
  2377 | D:3      | Mangled by an ogre

Vanquished Creatures
  An ice beast (D:3)
  4 adders
  A worm (D:2)
  2 dart slugs
  3 endoplasms (D:2)
  2 giant cockroaches (D:1)
  6 goblins
  3 hobgoblins
  2 jackals (D:2)
  4 kobolds
  4 quokkas
  8 ball pythons
  4 bats
  6 frilled lizards
  8 rats
58 creatures vanquished.

Table legend:
 A = Non-vault XP
 B = Vault XP
 C = Vault XP percentage of total XP
 D = Non-vault monster count
 E = Vault monster count
 F = Vault count percentage of total count
                 A         B        C        D         E       F
            +---------+---------+-------+---------+---------+-------
      Total |     266 |       0 |   0.0 |      58 |       0 |   0.0
            +---------+---------+-------+---------+---------+-------
        D:1 |      23 |       0 |   0.0 |      16 |       0 |   0.0
        D:2 |      74 |       0 |   0.0 |      28 |       0 |   0.0
        D:3 |     169 |       0 |   0.0 |      14 |       0 |   0.0
            +---------+---------+-------+---------+---------+-------

Illustrated notes

Table legend:
 A = Kills in this place as a percentage of kills in entire the game.
 B = Kills by you in this place as a percentage of kills by you in the entire game.
 C = Kills by friends in this place as a percentage of kills by friends in the entire game.
 D = Other kills in this place as a percentage of other kills in the entire game.
 E = Experience gained in this place as a percentage of experience gained in the entire game.
 F = Experience gained in this place divided by the number of levels of this place that you have seen.
                   A       B       C       D       E      F
               +-------+-------+-------+-------+-------+----------------------
         Total | 100.0 | 100.0 |   N/A |   N/A | 100.0 |  66.5
       Dungeon | 100.0 | 100.0 |   N/A |   N/A | 100.0 |  88.7
               +-------+-------+-------+-------+-------+----------------------

Table legend: (Time is in decaauts)
 A = Elapsed time spent in this place.
 B = Non-inter-level travel time spent in this place.
 C = Inter-level travel time spent in this place.
 D = Time resting spent in this place.
 E = Time spent auto-exploring this place.
 F = Levels seen in this place.
 G = Mean time per level.
                   A        B        C        D        E       F      G
               +--------+--------+--------+--------+--------+-----+--------+
         Total |   2397 |   2331 |     66 |      0 |   2019 |   4 |  599.2 |
       Dungeon |   2393 |   2327 |     66 |      0 |   2019 |   3 |  797.7 |
         Abyss |      4 |      4 |      0 |      0 |      0 |   1 |    4.0 |
               +--------+--------+--------+--------+--------+-----+--------+

Top non-repeatable levels by time:
     D:2: 970 daAuts
     D:1: 811 daAuts
     D:3: 611 daAuts
 Abyss:1: 4 daAuts
